 Dungeon Crawl Stone Soup version 0.27.1-1-g398f81649c (webtiles) character file.

Game seed: 1833779669176470164

1953715 ABBCCCDDDD the Slayer (level 27, 239/239 HPs)
             Began as an Octopode Air Elementalist on Sept 6, 2021.
             Was an Initiate of Gozag.
             Escaped with the Orb
             ... and 4 runes on Sept 7, 2021!
             The game lasted 03:56:04 (101775 turns).

ABBCCCDDDD the Slayer (Octopode Air Elementalist) Turns: 101775, Time: 03:56:05

Health: 239/239    AC: 33    Str: 14    XL:     27
Magic:  42/43      EV: 19    Int: 37    God:    Gozag
Gold:   2388       SH: 18    Dex: 14    Spells: 14/58 levels left

rFire    + + +     SeeInvis +     - Unarmed
rCold    + + .     Faith    .   Z - +0 kite shield
rNeg     + + +     Spirit   .   C - -2 hat of the Alchemist {rElec rPois rF+ rC+ rN+ Will+ rMut rCorr}
rPois    ∞         Reflect  +   x - amulet of Leedot {Reflect Rampage rPois Str-2 SH+5 Stlth+}
rElec    +         Harm     .   X - ring of Luesat {Str+6 SInv}
rCorr    +         Rampage  +   P - ring of willpower
rMut     +                      v - ring of Tomorrow {rN+ AC+4 Str+3 Int-2 SInv}
Will     ++++.                  t - ring "Sely" {rF+ rC+ Int+4}
Stlth    +++.......             i - ring "Kesh" {rF+ Int+6 Stlth+}
HPRegen  1.49/turn              B - ring of resist corrosion
MPRegen  0.28/turn              F - +4 ring of protection
                                o - ring "Veiril" {Wiz Fly rElec Stlth+}

@: statue-form, flying, studying 3 skills, very slow
A: slow and powerful, torment resistance 1, boosted hp, almost no armour,
amphibious, 8 rings, camouflage 1, (gelatinous body 1), (nimble swimmer 1),
tentacles, tentacle spike 1, frail 1, regeneration 1, screaming 2, evolution 1,
subdued magic 2, inability to read while threatened
0: Orb of Zot
}: 4/15 runes: decaying, slimy, abyssal, gossamer
a: End Transformation, Renounce Religion, Potion Petition, Call Merchant, Bribe
Branch


You escaped.
You worshipped Gozag.
Gozag was most pleased with you.
You were a living statue of rough stone.
You visited 12 branches of the dungeon, and saw 57 of its levels.
You visited the Abyss 1 time.
You also visited: Trove, Gauntlet and Ice Cave.

You collected 34984 gold pieces.
You spent 8234 gold pieces at shops.
You paid 24362 gold pieces to Gozag.

Inventory:

Missiles
 s - 23 javelins
 H - 21 curare-tipped darts
Armour
 C - the -2 hat of the Alchemist (worn) {rElec rPois rF+ rC+ rN+ Will+ rMut rCorr}
   (You found it on level 1 of the Depths)

   rF:        It protects you from fire.
   rC:        It protects you from cold.
   rElec:     It insulates you from electricity.
   rPois:     It protects you from poison.
   rN:        It protects you from negative energy.
   rCorr:     It protects you from acid and corrosion.
   rMut:      It protects you from mutation.
   Will:      It increases your willpower.
 Z - a +0 kite shield (worn)
Jewellery
 i - the ring "Kesh" (on tentacle) {rF+ Int+6 Stlth+}
   (You found it in a treasure trove)

   [ring of intelligence]

   Int:       It affects your intelligence (+6).
   rF:        It protects you from fire.
   Stlth:     It makes you more stealthy.
 n - the amulet of the Butterfly {RegenMP rPois rF+ rC+ Stlth+}
   (You found it in a treasure trove)

   [amulet of magic regeneration]

   It increases your rate of magic regeneration.
   rF:        It protects you from fire.
   rC:        It protects you from cold.
   rPois:     It protects you from poison.
   Stlth:     It makes you more stealthy.
 o - the ring "Veiril" (on tentacle) {Wiz Fly rElec Stlth+}
   (You bought it in a shop on level 1 of the Lair of Beasts)

   [ring of wizardry]

   It improves your spell success rate.
   rElec:     It insulates you from electricity.
   Fly:       It grants you flight.
   Stlth:     It makes you more stealthy.
 q - the ring of Fisig {rF+++ MP+9}
   (You bought it in a shop on level 1 of the Lair of Beasts)

   [ring of magical power]

   rF:        It renders you almost immune to fire.
   MP:        It affects your magic capacity (+9).
 t - the ring "Sely" (on tentacle) {rF+ rC+ Int+4}
   (You bought it in a shop on level 1 of the Lair of Beasts)

   [ring of protection from fire]

   Int:       It affects your intelligence (+4).
   rF:        It protects you from fire.
   rC:        It protects you from cold.
 v - the ring of Tomorrow (on tentacle) {rN+ AC+4 Str+3 Int-2 SInv}
   (You bought it in a shop on level 1 of the Lair of Beasts)

   [ring of protection]

   AC:        It affects your AC (+4).
   Str:       It affects your strength (+3).
   Int:       It affects your intelligence (-2).
   rN:        It protects you from negative energy.
   SInv:      It lets you see invisible.
 x - the amulet of Leedot (around mantle) {Reflect Rampage rPois Str-2 SH+5 Stlth+}
   (You found it in a treasure trove)

   [amulet of reflection]

   It reflects blocked missile attacks.
   Str:       It affects your strength (-2).
   rPois:     It protects you from poison.
   SH:        It affects your SH (+5).
   Rampage:   It bestows one free step when moving towards enemies.
   Stlth:     It makes you more stealthy.
 B - a ring of resist corrosion (on tentacle)
 F - a +4 ring of protection (on tentacle)
 G - the ring "Hutodin" {MP+9 Str+3 Stlth+}
   (You found it in a treasure trove)

   [ring of magical power]

   Str:       It affects your strength (+3).
   MP:        It affects your magic capacity (+9).
   Stlth:     It makes you more stealthy.
 I - the ring of Darkness {rF+ rC++ Str+2 Int-2}
   (You bought it in a shop on level 1 of the Depths)

   [ring of protection from fire]

   Str:       It affects your strength (+2).
   Int:       It affects your intelligence (-2).
   rF:        It protects you from fire.
   rC:        It greatly protects you from cold.
 L - a +6 ring of dexterity
 P - a ring of willpower (right tentacle)
 R - the ring of Midsummer {rN++ Will- EV+4 Str+2 Int+2}
   (You took it off a deep elf death mage on level 3 of the Elven Halls)

   [ring of evasion]

   EV:        It affects your evasion (+4).
   Str:       It affects your strength (+2).
   Int:       It affects your intelligence (+2).
   rN:        It greatly protects you from negative energy.
   Will:      It decreases your willpower.
 X - the ring of Luesat (left tentacle) {Str+6 SInv}
   (You found it on level 13 of the Dungeon)

   [ring of strength]

   Str:       It affects your strength (+6).
   SInv:      It lets you see invisible.
Wands
 e - a wand of charming (8)
 m - a wand of digging (19)
 p - a wand of flame (19)
 r - a wand of iceblast (77)
 u - a wand of acid (9)
 w - a wand of mindburst (48)
 D - a wand of paralysis (44)
Scrolls
 a - 22 scrolls of teleportation
 j - 2 scrolls of silence
 k - 9 scrolls of blinking
 l - 25 scrolls of identify
 J - 9 scrolls of fear
 M - 12 scrolls of fog
 N - 4 scrolls of torment
 O - 2 scrolls of summoning
 Q - a scroll of holy word
 V - 6 scrolls of magic mapping
Potions
 b - 7 potions of brilliance
 c - 5 potions of ambrosia
 d - 26 potions of curing
 f - 6 potions of mutation
 g - 6 potions of cancellation
 h - 15 potions of heal wounds
 z - 6 potions of invisibility
 A - 5 potions of magic
 E - 2 potions of attraction
 K - 5 potions of might
 S - a potion of berserk rage
 T - 3 potions of haste
 U - 6 potions of flight
Miscellaneous
 y - a box of beasts
 W - a condenser vane
 Y - a phial of floods


   Skills:
 + Level 21.1 Fighting
 - Level 3.0 Short Blades
 - Level 15.0 Dodging
 - Level 7.0 Stealth
 - Level 15.0 Shields
 - Level 20.0 Unarmed Combat
 - Level 16.0 Spellcasting
 - Level 21.0 Conjurations
 - Level 1.1 Necromancy
 - Level 10.0 Transmutations
 - Level 5.0 Fire Magic
 - Level 21.0 Air Magic
 - Level 10.0 Earth Magic
 - Level 12.0 Evocations


You had 14 spell levels left.
You knew the following spells:

 Your Spells              Type           Power      Damage    Failure   Level
a - Shock                 Conj/Air       100%       1d9       0%          1
b - Swiftness             Air            86%        N/A       0%          3
c - Airstrike             Air            43%        N/A       0%          4
d - Borgnjor's Vile Clut  Necr/Erth      22%        N/A       1%          5
e - Iskenderun's Battles  Conj           86%        2d13      0%          5
f - Sticky Flame          Conj/Fire      68%        2d8       0%          4
g - Bolt of Magma         Conj/Fire/Erth 32%        4d14      1%          5
h - Statue Form           Tmut/Erth      39%        N/A       1%          6
i - Chain Lightning       Conj/Air       43%        3d57      6%          9
j - Blink                 Tloc           N/A        N/A       1%          2

Your spell library contained the following spells:

 Spells                   Type           Power      Damage    Failure   Level
 Beastly Appendage        Tmut           100%       N/A       0%          1
 Magic Dart               Conj           100%       1d8       0%          1
 Sandblast                Erth           100%       2d20      0%          1
 Corpse Rot               Necr/Air       N/A        N/A       0%          2
 Passwall                 Tmut/Erth      49%        N/A       0%          2
 Poisonous Vapours        Pois/Air       100%       N/A       0%          2
 Searing Ray              Conj           100%       3d7       0%          2
 Static Discharge         Conj/Air       86%        N/A       0%          2
 Wereblood                Tmut           59%        N/A       0%          2
 Conjure Flame            Conj/Fire      68%        6-21      0%          3
 Dazzling Flash           Conj/Hex       100%       N/A       0%          3
 Mephitic Cloud           Conj/Pois/Air  70%        N/A       0%          3
 Stone Arrow              Conj/Erth      100%       3d13      0%          3
 Lightning Bolt           Conj/Air       43%        1d62      0%          5
 Conjure Ball Lightning   Conj/Air       43%        3x3d15    0%          6
 Animate Skeleton         Necr           46%        N/A       1%          1
 Apportation              Tloc           36%        N/A       1%          1
 Corona                   Hex            20%        N/A       1%          1
 Pain                     Necr           92%        1d8       1%          1
 Sting                    Tmut/Pois      100%       1d8       1%          1
 Summon Small Mammal      Summ           72%        N/A       1%          1
 Ensorcelled Hibernation  Hex/Ice        36%        N/A       1%          2
 Slow                     Hex            18%        N/A       1%          2
 Sublimation of Blood     Necr           11%        N/A       1%          2
 Call Canine Familiar     Summ           18%        N/A       1%          3
 Confusing Touch          Hex            18%        N/A       1%          3
 Frozen Ramparts          Ice            36%        1d5       1%          3
 Ignite Poison            Fire/Tmut/Pois 41%        N/A       1%          3
 Inner Flame              Hex/Fire       30%        N/A       1%          3
 Lesser Beckoning         Tloc           9%         N/A       1%          3
 Ozocubu's Armour         Ice            18%        N/A       1%          3
 Portal Projectile        Hex/Tloc       36%        N/A       1%          3
 Spider Form              Tmut/Pois      20%        N/A       1%          3
 Summon Guardian Golem    Hex/Summ       18%        N/A       1%          3
 Tukima's Dance           Hex            18%        N/A       1%          3
 Vampiric Draining        Necr           11%        2d7       1%          3
 Animate Dead             Necr           11%        N/A       1%          4
 Dispel Undead            Necr           23%        3d12      1%          4
 Fulminant Prism          Conj/Hex       30%        3d16      1%          4
 Hailstorm                Conj/Ice       61%        3d13      1%          4
 Ice Form                 Ice/Tmut       41%        N/A       1%          4
 Iskenderun's Mystic Bla  Conj/Tloc      61%        2d13      1%          4
 Leda's Liquefaction      Hex/Erth       20%        N/A       1%          4
 Summon Lightning Spire   Summ/Air       61%        N/A       1%          4
 Alistair's Intoxication  Tmut/Pois      27%        N/A       1%          5
 Blade Hands              Tmut           29%        N/A       1%          5
 Fireball                 Conj/Fire      34%        3d14      1%          5
 Lee's Rapid Deconstruct  Erth           29%        3d16*     1%          5
 Silence                  Hex/Air        30%        N/A       1%          5
 Yara's Violent Unravell  Hex/Tmut       20%        3d9       1%          5
 Iron Shot                Conj/Erth      37%        9d7       1%          6
 Starburst                Conj/Fire      34%        6d10      1%          6
 Orb of Destruction       Conj           43%        9d14      1%          7
 Storm Form               Tmut/Air       37%        N/A       1%          7
 Cause Fear               Hex            9%         N/A       3%          4
 Olgreb's Toxic Radiance  Pois           18%        N/A       3%          4
 Passage of Golubria      Tloc           N/A        N/A       3%          4
 Summon Ice Beast         Ice/Summ       18%        N/A       3%          4
 Spellforged Servitor     Conj/Summ      30%        N/A       3%          7
 Lehudib's Crystal Spear  Conj/Erth      37%        10d9      3%          8
 Agony                    Necr           23%        N/A       6%          5
 Excruciating Wounds      Necr           11%        N/A       6%          5
 Manifold Assault         Tloc           18%        N/A       10%         5
 Metabolic Englaciation   Hex/Ice        9%         N/A       10%         5
 Summon Forest            Summ/Tloc      9%         N/A       10%         5
 Summon Mana Viper        Hex/Summ       18%        N/A       10%         5
 Death Channel            Necr           11%        N/A       34%         6
 Simulacrum               Ice/Necr       10%        N/A       41%         6
 Fire Storm               Conj/Fire      34%        8d9       86%         9
 Haunt                    Necr/Summ      10%        N/A       93%         7
 Necromutation            Tmut/Necr      22%        N/A       93%         8
 Malign Gateway           Summ/Tloc      9%         N/A       96%         7
 Monstrous Menagerie      Summ           9%         N/A       96%         7
 Ozocubu's Refrigeration  Ice            9%         4d6       96%         7
 Summon Hydra             Summ           9%         N/A       96%         7
 Ignition                 Fire           20%        3d7       96%         8
 Borgnjor's Revivificati  Necr           11%        N/A       100%        8
 Discord                  Hex            9%         N/A       100%        8
 Disjunction              Tloc           9%         N/A       100%        8
 Infestation              Necr           11%        N/A       100%        8
 Summon Horrible Things   Summ           9%         N/A       100%        8
 Death's Door             Necr           11%        N/A       100%        9
 Animate Armour           Summ/Erth      Unusable   N/A       N/A         4

Dungeon Overview and Level Annotations

Branches:
Dungeon (15/15)            Temple (1/1) D:5            Lair (6/6) D:11
  Swamp (4/4) Lair:4       Spider (4/4) Lair:4        Slime (5/5) Lair:5
    Orc (2/2) D:11            Elf (3/3) Orc:2        Vaults (4/5) D:14
  Crypt (3/3) Vaults:2       Tomb (0/3) Crypt:3      Depths (5/5) D:15
    Zot (5/5) Depths:5      IceCv (visited)         Gauntlet (visited)

Altars:
Ashenzari
Cheibriados
Dithmenos
Elyvilon
Fedhas
Gozag
Hepliaklqana
Kikubaaqudgha
Makhleb
Nemelex Xobeh
Okawaru
Qazlal
Ru
Sif Muna
Trog
Uskayaw
Vehumet
Wu Jian
Xom
Yredelemnul
Zin
The Shining One
Beogh
Jiyva

Shops:
D:1 (   D:11 [   D:12 ?   Orc:1 ?   Orc:2 [(**?   Lair:1 =*:![**=[!
Vaults:1 (   Vaults:4 [   Depths:1 ?==?(   Depths:5 =

Portals:
Hell: Lair:6 Depths:1 Depths:2 Depths:3 Depths:4 Depths:5
Abyss: Depths:1 Depths:3 Depths:4
Pandemonium: Depths:3 Depths:4 Depths:5
Ziggurat: Depths:2

Annotations:
D:9 2 transporters, amoeba's ghost, novice MiFi
D:15 2 runed translucent doors, Nanban's ghost, journeyman DsBe
Spider:2 2 transporters, Cumomo's ghost, adept SpEn
Spider:4 Roxanne
Orc:1 exclusion: downstairs
Elf:1 6 runed translucent doors, anonymous's ghost, adept GrEE
Depths:2 2 runed translucent doors
Zot:2 3 runed translucent doors, ABBCCCDDDD's ghost, legendary OpDe
Zot:5 3 runed translucent doors, RandomHacker's ghost, veteran DECj


Innate Abilities, Weirdness & Mutations

You are a living statue of rough stone.
Your actions are slow, but your melee attacks are powerful.
You are resistant to unholy torment.
Your maximum health is greatly increased.
You are immune to poison.
You cannot wear most types of armour.
You are amphibious.
You can wear up to eight rings at the same time.
Your skin changes colour to match your surroundings (Stealth+).
((Your rubbery body absorbs attacks. (AC +1, EV +1)))
((You are camouflaged near water. (Stealth+)))
You have tentacles for arms and can constrict up to eight enemies at once.
One of your tentacles bears a spike.
You are frail. (-10% HP)
Your natural rate of healing is unusually fast.
You frequently scream uncontrollably at your foes.
You evolve.
Your spells are easier to cast, but less powerful.
You sometimes lose the ability to read scrolls when taking damage.


Message History

A sun demon comes into view.
A balrug comes into view.
It is wielding a +2 vampiric demon whip.
Casting: Statue Form (mildly dangerous; 1% risk of failure)
Confirm with . or Enter, or press ? or * to list all spells.
You turn into a living statue of rough stone.
You block the sun demon's attack.
You thrash the sun demon!!! You grab the sun demon.
You pierce the sun demon, but do no damage.
You squeeze the sun demon.
You kill the sun demon!
The balrug gestures at you.
The sticky flame hits you but does no damage.
You are covered in liquid flames!
You are covered in liquid flames!
A sun demon comes into view.
The balrug gestures at you.
The sticky flame hits you but does no damage.
You are covered in liquid flames!
You see here 4 gold pieces.
You rampage towards the balrug!
You thrash the balrug!!! You squeeze the balrug!
The balrug is severely wounded.
You are covered in liquid flames!
The balrug is distracted by your dazzling golden aura.
You strike the helpless balrug from behind!
You thrash the balrug!!!
You kill the balrug!
You are covered in liquid flames!
You are no longer on fire.
You barely miss the sun demon. You grab the sun demon.
You pierce the sun demon, but do no damage.
You constrict the sun demon, but do no damage.
You block the sun demon's attack.
You thrash the sun demon!!!
The sun demon is almost dead.
You constrict the sun demon. You block the sun demon's attack.
You thrash the sun demon!!!
You kill the sun demon!
There is a staircase leading out of the dungeon here.
You have escaped!

......# #...# #.#
#.############.### #.# #.#
#..........######.#
#.####.####.....$.$....#
..........#..#.....#...#
#.####.##...##.######..# ###
#.###...8.....8...# #.#
##..#.....#..##
#.####..#..8..#..#
##.......#.....#..#
#........8.....8..#
#.#####.######.##.# #.##
#..#.....#..##########
#..####...........##.......#
###...#...........####.#####[#
#.......###..#.#..........##.#
##.##..#####....##.####.##.##.#


There were no monsters in sight!

Levels and vault maps discovered:
D:1:      scummos_arrival_simple_crosswalls, layout_loops_corners, serial_shops,
          shop_statue, ebering_ecumenical_altar_webs, amcnicky_mini_pool_small,
          minmay_small_reverse_x
D:2:      layout_rooms, uniq_crazy_yiuf_cottage
D:3:      layout_rooms, grunt_decor_one_mirror, uniq_grinder
D:4:      layout_rooms, minmay_cut_off
D:5:      layout_basic, mainiacjoe_overflow_large_starburst,
          minmay_temple_entry_fiery, uniq_blork_the_orc
D:6:      layout_loops_ring, uniq_sigmund, uniq_eustachio
D:7:      layout_basic
D:8:      layout_basic
D:9:      layout_basic, gammafunk_ghost_berserking_beasts, uniq_harold
D:10:     layout_basic, skrybe_limestone_x
D:11:     layout_stronghold, lair_entry_dummy, orc_david_3, st_stairs_11,
          evilmike_butchery
D:12:     layout_rooms, serial_shops, nicolae_shop_statue_plus, uniq_snorg
D:13:     hangedman_cross_veins, layout_basic, enter_bailey_5
D:14:     layout_loops_ring, skrybe_vaults_entry_preservation,
          nzn_hepliaklqana_mist_gate
D:15:     grunt_enter_depths_magical_seal, layout_basic,
          ebering_ghost_disaster_area, nicolae_uskayaw_suspiria,
          minmay_hollow_rounded_squares
Temple:   regret_index_temple_chain_breaker
Lair:1:   layout_regular_city, serial_bayou, serial_bayou_pond_c,
          serial_bayou_shore_a, serial_bayou_shore_b, serial_bayou_pond_c,
          serial_bayou_shore_b
Lair:2:   layout_gridlike, serial_bayou_shore_b
Lair:3:   layout_chaotic_city
Lair:4:   layout_cave_shapes, minmay_swamp_entry_wisps,
          nicolae_spider_entry_non_spiders, serial_bayou, serial_bayou_pond_d,
          serial_bayou_pond_b, serial_bayou_lake_a, serial_bayou_pond_e,
          portal_ice_cave_entry_imps
Lair:5:   layout_cellular_growth, minmay_slime_entry_pillars,
          gauntlet_entry_generic, forest_entry_grove
Lair:6:   evil_forest, layout_loops_ring
Swamp:1:  layout_falls_marsh, nicolae_swamp_godswood
Swamp:2:  layout_basic_swamp, hangedman_swamp_ruin_wall
Swamp:3:  layout_falls_marsh, evilmike_swamp_ruin_rubble_2
Swamp:4:  swamp_old_school, layout_basic_swamp, swamp_pool4,
          roderic_carrion_pond
Spider:1: layout_spider_delve
Spider:2: nicolae_spider_mines_1, gammafunk_ghost_arena
Spider:3: layout_chambers
Spider:4: guppyfry_spider_rune, hangedman_spider_tarantella_strand, uniq_roxanne
Slime:1:  layout_caves
Slime:2:  layout_caves, dissolution_awaits
Slime:3:  nicolae_slime_pool, layout_caves, cheibrodos_slime_lost_civilization_4
Slime:4:  cheibrodos_slime_lost_civilization_9, layout_caves, basic_altar,
          uniq_dissolution
Slime:5
Orc:1:    cheibrodos_orc_guarddog, layout_caves, serial_shops,
          nicolae_shop_behind_doors
Orc:2:    grunt_orc_community_town_hall, layout_caves,
          grunt_orc_community_big_house_1, grunt_orc_community_big_house_1,
          grunt_orc_community_house_3, grunt_orc_community_house_3,
          grunt_orc_community_house_2, grunt_orc_community_house_1,
          serial_shops, nicolae_shop_crystal, ebering_ghost_reflecting_pool
Elf:1:    layout_gridlike, gammafunk_ghost_tricky_traps,
          minmay_elf_crystal_heptagon, nicolae_elf_hall_of_bonks,
          lemuel_upstairs_altar
Elf:2:    nicolae_elf_blades_splatter_lattice
          [nicolae_blade_entry_diamond_columns], layout_onion_city,
          nicolae_elf_stair_hall, hangedman_elf_power_crystal, st_stairs_6,
          uniq_nikola
Elf:3:    grunt_elf_hall_asides, layout_onion_city, minivault_24
Vaults:1: hangedman_vaults_restitches, kb_rosetta, nicolae_vaults_rhombus_6,
          v_misc_2, vaults_room_fours, vaults_room_hallway,
          ontoclasm_vaults_pinch, vaults_room_fours,
          ontoclasm_vaults_loading_screen, vaults_dpeg_hooks,
          layout_vaults_omnigrid, serial_shops, shop, uniq_asterion
Vaults:2: ontoclasm_vaults_ligature, vaults_mumra_hexcomb,
          minmay_crypt_entry_skeletal_spiral, v_misc_4, serial_ice_m,
          vaults_dpeg_cross, vaults_room_hangedman_quadrants, vaults_room_fours,
          vaults_room_corners, layout_vaults_big_room
Vaults:3: v_misc_24, v_misc_22, vaults_room_large_hall, vaults_room_pool,
          nicolae_vaults_ninety_degrees, nicolae_vaults_little_squares_6,
          v_misc_10, v_misc_10, vaults_mumra_chevron,
          ontoclasm_vaults_decontamination, vaults_dpeg_ring,
          ontoclasm_vaults_idyll, v_rooms_3, layout_vaults_big_cross,
          uniq_margery
Vaults:4: nicolae_vaults_windows_and_doors_thing,
          nicolae_vaults_little_squares_3, v_misc_4, grunt_vaults_bifocal,
          hangedman_vaults_capsules, vaults_room_large_hall, vaults_room_pool,
          nicolae_vaults_lopsided_apartments, v_misc_30,
          nicolae_vaults_network_barrier, hangedman_vaults_impose, v_misc_12,
          nicolae_vaults_theta, layout_vaults_ring, serial_shops,
          nicolae_shop_trees, uniq_mara
Crypt:1:  layout_misc_corridors
Crypt:2:  layout_gridlike
Crypt:3:  quadcrypt_mu, uniq_boris
Depths:1: mu_elephants_graveyard, layout_honeycomb, serial_co_window_serial,
          co_window_paths_b, co_window_of_opportunity_a, co_window_paths_a,
          co_window_paths_a, co_window_corner_a, co_window_paths_a,
          co_window_of_opportunity_a, co_window_2corner, co_window_corner_b,
          co_window_broadway_a, co_window_broadway_b, co_window_corner_ca,
          glass_columns_a, nicolae_trove_entry_columns, hell_entry,
          minmay_misc_feat_x, abyss_entry_crystal, serial_shops, shop
Depths:2: minmay_expanding_circles, layout_gridlike, enter_ziggurat_f,
          lemuel_round_altar, lightli_too_deep, roderic_lattice_octagonal_star,
          infiniplex_staircase_river
Depths:3: minmay_the_grid_octo_2x2 [minmay_the_grid_octo_vomiting_pacman,
          minmay_the_grid_octo_concentric, minmay_the_grid_octo_clover,
          minmay_the_grid_octo_prize_single_spiral], layout_basic,
          grunt_hell_entry_dis_mu, rand_demon_pan_entry_3,
          nicolae_abyss_entry_one_way_or_another
Depths:4: cell_vault, layout_cave_pools, hell_entry,
          abyss_entry_small_statue_room, rand_demon_pan_entry_8,
          roderic_lattice_a, uniq_jory
Depths:5: evilmike_zot_entry_gauntlet, layout_cave_shapes, hellmouth_1,
          nicolae_benzene_ring, serial_shops, shop, pan_entry,
          hangedman_abyss_or_decor_jellyfish_corner, minmay_stone_trees_small,
          corner_web_ring
Zot:1:    layout_cathedral_of_symmetry, grunt_megastairs_2
Zot:2:    layout_onion, gammafunk_ghost_necromancy, grunt_ministairs_4,
          lemuel_baited_zot_trap, st_large_dragon_hoard_2
Zot:3:    layout_misc_corridors, hangedman_player_shredder
Zot:4:    gammafunk_mikee_crab_dinner, layout_cathedral_of_symmetry,
          st_stairs_12, grunt_megastairs_3
Zot:5:    layout_gridlike, gammafunk_ghost_crypt

Notes
Turn   | Place    | Note
-------+----------+-------------------------------------------
     0 | D:1      | ABBCCCDDDD the Octopode Air Elementalist began the quest
                  | for the Orb.
     0 | D:1      | Reached XP level 1. HP: 11/11 MP: 3/3
   109 | D:1      | Reached XP level 2. HP: 14/18 MP: 5/5
   278 | D:1      | Found Haqa's Weapon Shoppe.
   566 | D:1      | Reached skill level 1 in Fighting
   597 | D:1      | Found a faded altar of an unknown god.
   926 | D:1      | Reached XP level 3. HP: 23/23 MP: 3/6
  1456 | D:1      | Reached skill level 1 in Unarmed Combat
  1620 | D:2      | Learned a level 3 spell: Swiftness
  1716 | D:2      | You fall into a shaft and drop 1 floor!
  1716 | D:3      | Noticed an ogre
  1974 | D:2      | Found a runed translucent door.
  1975 | D:2      | Noticed Crazy Yiuf
  2167 | D:3      | Noticed an ogre
  2368 | D:3      | Reached XP level 4. HP: 25/28 MP: 1/7
  3211 | D:4      | Noticed an ogre
  3243 | D:4      | Noticed a phantom
  3402 | D:4      | Reached XP level 5. HP: 13/34 MP: 3/8
  4138 | D:4      | Reached XP level 6. HP: 26/41 MP: 9/9
  4387 | D:5      | Entered Level 5 of the Dungeon
  4389 | D:5      | Found a bloodstained altar of Trog.
  4392 | D:5      | Reached skill level 5 in Stealth
  4454 | D:5      | Found a hazy altar of Hepliaklqana.
  4892 | D:5      | Reached XP level 7. HP: 46/46 MP: 6/10
  5481 | D:5      | Found a staircase to the Ecumenical Temple.
  5639 | Temple   | Entered the Ecumenical Temple
  5776 | Temple   | Became a worshipper of Gozag Ym Sagoz the Greedy
  5960 | D:5      | Noticed Blork the orc
  6216 | D:3      | Reached skill level 5 in Air Magic
  6216 | D:3      | Reached XP level 8. HP: 47/54 MP: 3/11
  6402 | D:3      | Noticed Grinder
  7252 | D:6      | Reached skill level 1 in Evocations
  7513 | D:6      | Noticed a shadow
  7869 | D:6      | Learned a level 4 spell: Airstrike
  7924 | D:6      | Noticed Eustachio
  7933 | D:6      | Noticed Sigmund
  8811 | D:6      | Reached XP level 9. HP: 31/59 MP: 1/13
  9558 | D:7      | Reached skill level 5 in Evocations
 11608 | D:8      | Reached skill level 1 in Short Blades
 11686 | D:8      | Reached skill level 5 in Fighting
 12791 | D:9      | Reached XP level 10. HP: 69/69 MP: 15/15
 13198 | D:9      | Noticed amoeba's ghost (novice MiFi)
 13210 | D:9      | Found a transporter.
 13212 | D:9      | Noticed a moth of wrath
 13213 | D:9      | Found the +3 pair of seven-league boots {Rampage+∞}
 13310 | D:9      | Noticed Harold
 13569 | D:9      | Killed Harold
 13658 | D:9      | Found a transporter.
 13809 | D:10     | Entered Level 10 of the Dungeon
 14123 | D:10     | Learned a level 5 spell: Borgnjor's Vile Clutch
 14219 | D:10     | Noticed a kobold demonologist
 14220 | D:10     | Noticed a kobold demonologist
 14226 | D:10     | Killed a kobold demonologist
 14311 | D:10     | Reached skill level 1 in Necromancy
 14426 | D:10     | Reached skill level 1 in Earth Magic
 15171 | D:9      | Reached skill level 5 in Spellcasting
 16136 | D:10     | Noticed a smoke demon
 16136 | D:10     | Killed a kobold demonologist
 16822 | D:11     | Found Hiobot's Armour Boutique.
 16855 | D:11     | Found a staircase to the Orcish Mines.
 17009 | D:11     | Noticed a two-headed ogre
 17016 | D:11     | Killed a two-headed ogre
 17017 | D:11     | Reached XP level 11. HP: 77/77 MP: 3/19
 17892 | D:11     | Identified the +1 hand axe of Embarrassment {antimagic,
                  | rPois rCorr Str+2}
 17936 | D:11     | Found a staircase to the Lair.
 18705 | D:12     | Noticed a cyclops
 18709 | D:12     | Killed a cyclops
 20037 | D:12     | Found Falar's Magic Scroll Shoppe.
 21035 | D:12     | Learned a level 5 spell: Iskenderun's Battlesphere
 21084 | D:12     | Noticed Snorg
 21097 | D:12     | Killed Snorg
 21603 | Lair:1   | Entered Level 1 of the Lair of Beasts
 22326 | Lair:1   | Reached skill level 5 in Conjurations
 22739 | Lair:1   | Reached skill level 10 in Air Magic
 23228 | Lair:1   | Reached XP level 12. HP: 82/82 MP: 7/23
 24031 | Lair:2   | Noticed a death yak
 24031 | Lair:2   | Noticed a death yak
 24051 | Lair:2   | Killed a death yak
 24051 | Lair:2   | Noticed a death yak
 24052 | Lair:2   | Noticed a death yak
 24986 | Lair:2   | Noticed a death yak
 24986 | Lair:2   | Noticed a death yak
 25795 | Lair:3   | Noticed a five-headed hydra
 25860 | Lair:3   | Killed a five-headed hydra
 26872 | Lair:3   | Reached skill level 10 in Evocations
 27313 | Lair:4   | Noticed an eight-headed hydra
 27458 | Lair:4   | Found a frozen archway.
 27860 | IceCv    | Entered an ice cave
 28887 | IceCv    | Reached XP level 13. HP: 84/88 MP: 5/25
 29156 | IceCv    | Found an ancient bone altar of Kikubaaqudgha.
 29364 | IceCv    | Learned a level 4 spell: Sticky Flame
 30179 | IceCv    | Learned a level 5 spell: Bolt of Magma
 30310 | IceCv    | Reached skill level 1 in Fire Magic
 31117 | IceCv    | Got the Reference Book on the Snowflakes and Darkness
 33789 | Lair:4   | Found a staircase to the Swamp.
 34366 | Lair:4   | Found a hole to the Spider Nest.
 35432 | Lair:5   | Found a gate leading to a gauntlet.
 35441 | Gauntlet | Entered a Gauntlet
 35441 | Gauntlet | Found a transporter.
 35441 | Gauntlet | Found a transporter.
 35446 | Gauntlet | Found a transporter.
 35448 | Gauntlet | Found a transporter.
 35456 | Gauntlet | Noticed a balrug
 35460 | Gauntlet | Found a transporter.
 35462 | Gauntlet | Found a transporter.
 35472 | Gauntlet | Found a transporter.
 35487 | Gauntlet | Found a transporter.
 35501 | Gauntlet | Found a transporter.
 35505 | Gauntlet | Found a transporter.
 35517 | Gauntlet | Found a transporter.
 35519 | Gauntlet | Found a transporter.
 35770 | Gauntlet | Got Easy Spellweaving
 35972 | Gauntlet | Identified the amulet "Rittaa Unuz" {Reflect Harm *Corrode
                  | Regen+ Dex-3 SH+5}
 36066 | Gauntlet | Noticed a minotaur
 36091 | Gauntlet | Killed a minotaur
 36951 | Lair:5   | Found a staircase to the Slime Pits.
 37871 | Lair:5   | Identified the +6 falchion of Loyvinga {drain, Fragile
                  | rCorr Int+6}
 37997 | Lair:2   | Reached XP level 14. HP: 94/94 MP: 3/27
 38251 | Lair:1   | Bought Sif Muna's Catalogue of Shifting Battle Magic for
                  | 374 gold pieces
 38255 | Lair:1   | Bought 2 potions of heal wounds for 120 gold pieces
 38255 | Lair:1   | Bought a scroll of blinking for 90 gold pieces
 38292 | Orc:1    | Entered Level 1 of the Orcish Mines
 38410 | Orc:1    | Reached skill level 5 in Earth Magic
 39324 | Orc:1    | Reached skill level 5 in Fire Magic
 40398 | Orc:1    | Reached skill level 10 in Spellcasting
 40538 | Orc:1    | Found Duedorr's Magic Scroll Boutique.
 40608 | Orc:1    | Bought a scroll of acquirement for 780 gold pieces
 40610 | Orc:1    | Acquired the amulet of Tering {RegenMP Harm Regen+ Dex+3}
 40833 | Orc:2    | Entered Level 2 of the Orcish Mines
 41112 | Orc:2    | Found a staircase to the Elven Halls.
 41195 | Orc:2    | Found Xify's General Store.
 41419 | Orc:2    | Reached skill level 10 in Conjurations
 41477 | Orc:1    | Learned a level 6 spell: Statue Form
 41524 | Orc:2    | Reached skill level 1 in Transmutations
 42385 | Orc:2    | Found Issig's Magic Scroll Shoppe.
 42395 | Orc:2    | Bought a scroll of fear for 42 gold pieces
 42395 | Orc:2    | Bought a scroll of blinking for 90 gold pieces
 42395 | Orc:2    | Bought a scroll of fog for 24 gold pieces
 42543 | Orc:2    | Found a runed translucent door.
 42544 | Orc:2    | Noticed ABBCCCDDDD's ghost (journeyman OpWn)
 43060 | Orc:2    | Noticed an orc warlord
 43220 | Orc:1    | Killed an orc warlord
 43563 | Orc:2    | Found Vuonu's Antique Weapon Boutique.
 43569 | Orc:2    | Found Nitaecor's Antique Armour Shop.
 43593 | Orc:2    | Bought a shiny buckler for 217 gold pieces
 43808 | Orc:2    | Found Cieriux's Assorted Antiques.
 43811 | Orc:2    | Reached skill level 1 in Shields
 43877 | Orc:2    | Bought 2 potions of curing for 156 gold pieces
 43877 | Orc:2    | Bought a glowing silver ring for 130 gold pieces
 43934 | Orc:2    | Bought a scroll of identify for 34 gold pieces
 43935 | Orc:2    | Bought a scroll of identify for 34 gold pieces
 44191 | D:2      | Killed Crazy Yiuf
 44291 | D:3      | Killed Grinder
 44466 | D:5      | Killed Blork the orc
 44538 | D:6      | Killed Sigmund
 44654 | D:6      | Killed Eustachio
 45717 | D:13     | Noticed a frost giant
 45732 | D:13     | Killed a frost giant
 45733 | D:13     | Reached skill level 5 in Transmutations
 45848 | D:13     | Reached XP level 15. HP: 75/98 MP: 12/29
 46022 | D:13     | Identified the ring of Luesat {Str+6 SInv}
 46491 | D:14     | You fall into a shaft and drop 1 floor!
 46491 | D:15     | Entered Level 15 of the Dungeon
 47033 | Lair:1   | Bought 2 potions of haste for 240 gold pieces
 48059 | Spider:1 | Entered Level 1 of the Spider Nest
 48315 | Lair:4   | Reached skill level 10 in Earth Magic
 48926 | Spider:1 | Reached skill level 5 in Unarmed Combat
 48962 | Spider:1 | Reached XP level 16. HP: 105/105 MP: 26/30
 49313 | Spider:1 | Identified the ring "Kaityl" {Fire rElec rN+++ Int-5}
 49404 | Spider:2 | Noticed Cumomo's ghost (adept SpEn)
 49444 | Spider:2 | Reached skill level 10 in Transmutations
 49702 | Spider:2 | Found a transporter.
 49705 | Spider:2 | Found a transporter.
 50491 | Spider:3 | Acquired 1225 gold pieces
 51489 | Spider:4 | Entered Level 4 of the Spider Nest
 51522 | Spider:4 | Reached skill level 10 in Unarmed Combat
 51842 | Spider:4 | Reached XP level 17. HP: 113/113 MP: 24/31
 52017 | Spider:4 | Noticed Roxanne
 52182 | Spider:4 | Got a gossamer rune of Zot
 52292 | Spider:4 | Reached skill level 10 in Fighting
 53154 | Swamp:1  | Entered Level 1 of the Swamp
 53476 | Swamp:1  | Identified the +3 falchion of Ulumettac {flame, rN+ Dex+3}
 53588 | Swamp:1  | Learned a level 5 spell: Lightning Bolt
 53778 | Swamp:1  | Found a white marble altar of Elyvilon.
 54223 | Swamp:2  | Got Ytelituf's Guide on Lightness
 54608 | Swamp:2  | Paralysed by a fenstrider witch for 5 turns
 54723 | Swamp:3  | Reached XP level 18. HP: 124/124 MP: 19/34
 55202 | Swamp:4  | Entered Level 4 of the Swamp
 55952 | Swamp:4  | Noticed the 27-headed Lernaean hydra
 55966 | Swamp:4  | Killed the 27-headed Lernaean hydra
 56173 | Swamp:4  | Got a decaying rune of Zot
 56488 | Lair:1   | Bought the ring of Tomorrow {rN+ AC+4 Str+3 Int-2 SInv} for
                  | 856 gold pieces
 56575 | Elf:1    | Entered Level 1 of the Elven Halls
 56630 | Elf:1    | Found a runed translucent gate.
 56630 | Elf:1    | Found a runed translucent gate.
 56630 | Elf:1    | Found a runed translucent gate.
 56906 | Elf:1    | Paralysed by an air elemental for 1 turns
 56909 | Elf:1    | Paralysed by an air elemental for 1 turns
 57004 | Elf:1    | Noticed anonymous's ghost (adept GrEE)
 57415 | Elf:1    | Found a runed translucent gate.
 57415 | Elf:1    | Found a runed translucent gate.
 57416 | Elf:1    | Found a runed translucent gate.
 57465 | Elf:2    | Paralysed by an air elemental for 1 turns
 57546 | Elf:2    | Reached XP level 19. HP: 131/131 MP: 36/36
 57671 | Elf:1    | Found an ancient bone altar of Kikubaaqudgha.
 57689 | Elf:2    | Noticed Nikola
 57695 | Elf:2    | Killed Nikola
 58037 | Elf:2    | Paralysed by an air elemental for 1 turns
 58190 | Elf:2    | Paralysed by an air elemental for 1 turns
 58250 | Elf:2    | Reached skill level 15 in Unarmed Combat
 58269 | Elf:2    | Found a runed translucent gate.
 58274 | Elf:2    | Found a runed translucent gate.
 58275 | Elf:2    | Found a runed translucent gate.
 58984 | Elf:3    | Entered Level 3 of the Elven Halls
 59085 | Elf:3    | Paralysed by an air elemental for 1 turns
 59238 | Elf:3    | Reached skill level 5 in Dodging
 59416 | Elf:3    | Noticed an Ice Fiend
 59477 | Elf:3    | Noticed a Tzitzimitl
 59733 | Elf:3    | Reached XP level 20. HP: 140/140 MP: 38/38
 59765 | Elf:3    | Identified the +9 plate armour "Axibid" {rElec Will+
                  | Stlth+}
 59765 | Elf:3    | Identified the +6 hand axe of Malaise {flame, Will+ Str+3}
 59766 | Elf:3    | Identified the ring of Midsummer {rN++ Will- EV+4 Str+2
                  | Int+2}
 60196 | Elf:3    | Identified the +4 war axe "Durur" {flame, rElec rF+ Will++
                  | Dex-4}
 60250 | Elf:3    | Got the Reference Book on Contamination
 60491 | D:14     | Found a gate to the Vaults.
 60908 | D:14     | Found a hazy altar of Hepliaklqana.
 61199 | D:15     | Found a large runed translucent door.
 61199 | D:15     | Found a large runed translucent door.
 61258 | D:15     | Noticed Nanban's ghost (journeyman DsBe)
 61665 | D:15     | Found a staircase to the Depths.
 61683 | D:15     | Learned a level 9 spell: Chain Lightning
 61707 | D:15     | Found a hide-covered altar of Uskayaw.
 61829 | Vaults:1 | Entered Level 1 of the Vaults
 63110 | Vaults:1 | Noticed Asterion
 63119 | Vaults:1 | Killed Asterion
 63291 | Vaults:1 | Found Putuel's Weapon Boutique.
 63597 | Vaults:1 | Reached XP level 21. HP: 149/149 MP: 39/39
 63869 | Vaults:1 | Identified the +1 ring mail "Caitun" {Str+2}
 64551 | Vaults:2 | Identified the +9 scale mail "Somiw" {Rampage}
 64720 | Vaults:2 | Reached skill level 10 in Dodging
 66259 | Vaults:2 | Found a staircase to the Crypt.
 66529 | Vaults:3 | Reached skill level 15 in Fighting
 67438 | Vaults:3 | Noticed Margery
 67452 | Vaults:3 | Killed Margery
 67460 | Vaults:3 | Reached XP level 22. HP: 143/157 MP: 40/40
 68195 | Vaults:4 | Found Omeat's Armour Shoppe.
 69463 | Vaults:4 | Noticed Mara
 69471 | Vaults:4 | Noticed ABBCCCDDDD's illusion
 69476 | Vaults:4 | Killed Mara
 70395 | Vaults:4 | Identified the +0 robe "Behaxzu" {Int+4}
 70959 | Depths:1 | Entered Level 1 of the Depths
 70959 | Depths:1 | Found Ysaxim's Antique Weapon Emporium.
 70964 | Depths:1 | Bought a scroll of blinking for 172 gold pieces
 71321 | Depths:1 | Reached XP level 23. HP: 162/162 MP: 28/41
 72214 | Depths:1 | Found a gateway to Hell.
 72254 | Depths:1 | Found a portal to a secret trove of treasure.
 72660 | Orc:2    | Killed ABBCCCDDDD's ghost
 72863 | Depths:1 | You paid a toll of a +7 demon whip to enter a treasure
                  | trove
 72864 | Trove    | Entered a treasure trove
 72871 | Trove    | Identified the ring of Makhleb's Delight {Str+6 Dex+2}
 72873 | Trove    | Identified the ring of Fillug {*Corrode rElec rPois rN+
                  | MP+9 Int+6}
 72876 | Trove    | Identified the ring "Kesh" {rF+ Int+6 Stlth+}
 72889 | Trove    | Identified the ring of the Six Orbs {Int+3 SInv}
 72894 | Trove    | Identified the amulet of the Butterfly {RegenMP rPois rF+
                  | rC+ Stlth+}
 72902 | Trove    | Identified the amulet of Leedot {Reflect Rampage rPois
                  | Str-2 SH+5 Stlth+}
 72904 | Trove    | Identified the ring "Hutodin" {MP+9 Str+3 Stlth+}
 72907 | Trove    | Identified the ring of Uskayaw's Hatred {*Slow rC+ Int+4
                  | Slay+4}
 72981 | Depths:1 | Found the -2 hat of the Alchemist {rElec rPois rF+ rC+ rN+
                  | Will+ rMut rCorr}
 73012 | Depths:1 | Found a one-way gate to the infinite horrors of the Abyss.
 73979 | Depths:2 | Found an ornate altar of the Wu Jian Council.
 74192 | Depths:2 | Found a runed translucent door.
 74192 | Depths:2 | Noticed a golden dragon
 74577 | Depths:2 | Killed a golden dragon
 74771 | Depths:2 | Found a gateway to a ziggurat.
 74809 | Depths:2 | Reached skill level 15 in Conjurations
 74915 | Depths:2 | Reached skill level 15 in Air Magic
 75196 | Depths:2 | Found a runed translucent door.
 75206 | Depths:2 | Noticed a juggernaut
 75207 | Depths:2 | Noticed a caustic shrike
 75275 | Depths:3 | Noticed a juggernaut
 75285 | Depths:3 | Killed a juggernaut
 75412 | Depths:3 | Reached XP level 24. HP: 169/169 MP: 41/41
 76014 | Depths:3 | Found a one-way gate leading to the halls of Pandemonium.
 76123 | Depths:3 | Gained mutation: You are frail. (-10% HP) [a shining eye]
 76128 | Depths:3 | Reached skill level 15 in Dodging
 76154 | Depths:3 | Paralysed by a floating eye for 3 turns
 76427 | Depths:3 | Noticed Louise
 76430 | Depths:3 | Killed Louise
 76627 | Depths:3 | Found a shimmering altar of Xom.
 77158 | Depths:3 | Noticed a juggernaut
 77168 | Depths:3 | Killed a juggernaut
 78548 | Depths:4 | Noticed a caustic shrike
 78551 | Depths:4 | Killed a caustic shrike
 79242 | Depths:4 | Learned a level 2 spell: Blink
 79264 | Depths:4 | Acquired 1270 gold pieces
 79276 | Depths:4 | Noticed Jory
 79287 | Depths:4 | Killed Jory
 79288 | Depths:4 | Reached XP level 25. HP: 157/157 MP: 38/41
 79690 | Depths:5 | Entered Level 5 of the Depths
 80497 | Depths:5 | Found Dyqatoh's Jewellery Emporium.
 81549 | Depths:5 | Found a gate to the Realm of Zot.
 82106 | Crypt:1  | Entered Level 1 of the Crypt
 84368 | Crypt:3  | Entered Level 3 of the Crypt
 84993 | Crypt:3  | Reached XP level 26. HP: 166/166 MP: 41/41
 85320 | Crypt:3  | Found an ancient bone altar of Kikubaaqudgha.
 85362 | Crypt:3  | Identified the ring "Vatanaubb" {rElec Dex+2 SInv}
 85398 | Crypt:3  | Noticed an ancient lich
 85408 | Crypt:3  | Killed an ancient lich
 85798 | Crypt:3  | Noticed Boris
 85808 | Crypt:3  | Killed Boris
 85981 | Crypt:3  | Found a staircase to the Tomb.
 86028 | Crypt:3  | Identified the +8 flail of the Coward {drain, rElec Str+6
                  | Dex+4}
 86250 | Crypt:3  | Found the +7 sceptre of Torment {pain, torment}
 86482 | Crypt:3  | Acquired 723 gold pieces
 86930 | Slime:1  | Entered Level 1 of the Pits of Slime
 86969 | Slime:1  | Gained mutation: Your mind is acute. (Int +2) [a shining
                  | eye]
 86971 | Slime:1  | Gained mutation: Potions are less effective at restoring
                  | your health. [a shining eye]
 86972 | Slime:1  | Gained mutation: You sometimes lose the ability to read
                  | scrolls when taking damage. [a shining eye]
 86998 | Slime:1  | Lost mutation: You sometimes lose the ability to read
                  | scrolls when taking damage. [potion of mutation]
 86998 | Slime:1  | Gained mutation: Your magical capacity is low. (-10% MP)
                  | [potion of mutation]
 86998 | Slime:1  | Gained mutation: Your flesh is cold resistant. (rC+)
                  | [potion of mutation]
 86999 | Slime:1  | Lost mutation: You are frail. (-10% HP) [potion of
                  | mutation]
 86999 | Slime:1  | Lost mutation: Your mind is acute. (Int +2) [potion of
                  | mutation]
 86999 | Slime:1  | Lost mutation: Your magical capacity is low. (-10% MP)
                  | [potion of mutation]
 86999 | Slime:1  | Gained mutation: Your spells are a little easier to cast,
                  | but a little less powerful. [potion of mutation]
 87000 | Slime:1  | Lost mutation: Your flesh is cold resistant. (rC+) [potion
                  | of mutation]
 87000 | Slime:1  | Gained mutation: You are partially covered in iridescent
                  | scales. (AC +2) [potion of mutation]
 87000 | Slime:1  | Gained mutation: You are strong-willed. (Will+) [potion of
                  | mutation]
 87000 | Slime:1  | Gained mutation: Your muscles are strong. (Str +2) [potion
                  | of mutation]
 87001 | Slime:1  | Lost mutation: You are partially covered in iridescent
                  | scales. (AC +2) [potion of mutation]
 87001 | Slime:1  | Lost mutation: You are strong-willed. (Will+) [potion of
                  | mutation]
 87001 | Slime:1  | Lost mutation: Potions are less effective at restoring your
                  | health. [potion of mutation]
 87001 | Slime:1  | Gained mutation: You evolve. [potion of mutation]
 87001 | Slime:1  | Gained mutation: One of your tentacles bears a spike.
                  | [potion of mutation]
 87399 | Slime:2  | Noticed Dissolution
 87452 | Slime:1  | Killed Dissolution
 87453 | Slime:1  | Reached skill level 5 in Shields
 87506 | Slime:1  | Gained mutation: You occasionally shout uncontrollably at
                  | your foes. [a shining eye]
 89219 | Slime:3  | You fall into a shaft and drop 1 floor!
 89561 | Slime:4  | Found a viscous altar of Jiyva.
 90296 | Slime:5  | Entered Level 5 of the Pits of Slime
 91023 | Slime:5  | Noticed the Royal Jelly
 91105 | Slime:5  | Reached XP level 27. HP: 169/195 MP: 41/41
 91293 | Slime:5  | Found a viscous altar of Jiyva.
 91378 | Slime:5  | Killed the Royal Jelly
 91379 | Slime:5  | Reached skill level 10 in Shields
 91639 | Slime:5  | Got a slimy rune of Zot
 91658 | Slime:5  | Identified the +8 chain mail of Liberalism {Rampage +Blink
                  | rN+ Will-}
 91772 | Lair:6   | Entered Level 6 of the Lair of Beasts
 92662 | Lair:6   | Found a burning altar of Makhleb.
 93235 | Lair:1   | Bought a potion of brilliance for 72 gold pieces
 93235 | Lair:1   | Bought a potion of heal wounds for 90 gold pieces
 93235 | Lair:1   | Bought a potion of mutation for 144 gold pieces
 93235 | Lair:1   | Bought a potion of resistance for 180 gold pieces
 93235 | Lair:1   | Bought a potion of haste for 180 gold pieces
 93243 | Lair:1   | Bought the ring "Veiril" {Wiz Fly rElec Stlth+} for 978
                  | gold pieces
 93243 | Lair:1   | Bought the ring of Fisig {rF+++ MP+9} for 1240 gold pieces
 93243 | Lair:1   | Bought the ring "Sely" {rF+ rC+ Int+4} for 948 gold pieces
 93516 | Zot:1    | Entered Level 1 of the Realm of Zot
 94250 | Zot:1    | Cast into level 3 of the Abyss (yellow draconian knight)
 94412 | Abyss:3  | Gained mutation: Your natural rate of healing is unusually
                  | fast. [a neqoxec]
 94602 | Abyss:3  | Reached skill level 15 in Shields
 94812 | Abyss:3  | Got an abyssal rune of Zot
 95037 | Zot:1    | Escaped the Abyss
 96671 | Zot:2    | Found a runed translucent gate.
 96672 | Zot:2    | Found a runed translucent gate.
 96673 | Zot:2    | Found a runed translucent gate.
 96808 | Zot:2    | Identified the +1 robe of Narcissism {*Slow rElec Int+3
                  | Dex+3}
 96825 | Zot:2    | Identified the +8 short sword of Wisdom {drain, +Rage rF+
                  | Will- Int+4}
 96938 | Zot:2    | Got the Papyrus of Displaced Fire
 96976 | Zot:2    | Noticed ABBCCCDDDD's ghost (legendary OpDe)
 96978 | Zot:2    | Noticed a dread lich
 97562 | Zot:3    | Noticed an orb of fire
 97563 | Zot:3    | Gained mutation: Your spells are easier to cast, but less
                  | powerful. [an orb of fire]
 97573 | Zot:3    | Killed an orb of fire
 98728 | Zot:4    | Identified the +7 halberd "Xusiypho" {vamp, Will- Int+8}
 98964 | Zot:4    | Identified the ring "Uniepled" {+Blink rN+}
 99171 | Zot:4    | Reached skill level 15 in Spellcasting
 99901 | Zot:5    | Entered Level 5 of the Realm of Zot
100147 | Zot:5    | Found a runed translucent gate.
100150 | Zot:5    | Noticed an orb of fire
100163 | Zot:5    | Lost mutation: Your muscles are strong. (Str +2) [an orb of
                  | fire]
100164 | Zot:5    | Killed an orb of fire
100651 | Zot:5    | Found a runed translucent gate.
100651 | Zot:5    | Found an ancient bone altar of Kikubaaqudgha.
100651 | Zot:5    | Noticed an ancient lich
100651 | Zot:5    | Noticed an ancient lich
100651 | Zot:5    | Noticed a dread lich
100652 | Zot:5    | Found a runed translucent gate.
100652 | Zot:5    | Noticed an ancient lich
100652 | Zot:5    | Noticed RandomHacker's ghost (veteran DECj)
100915 | Zot:5    | Noticed a dread lich
100921 | Zot:5    | Gained mutation: You are frail. (-10% HP) [mutagenic glow]
100945 | Zot:5    | Gained mutation: You frequently scream uncontrollably at
                  | your foes. [mutagenic glow]
100947 | Zot:5    | Noticed an orb of fire
100950 | Zot:5    | Noticed a dread lich
100955 | Zot:5    | Killed a dread lich
100981 | Zot:5    | Killed an orb of fire
100997 | Zot:5    | Noticed an orb of fire
101002 | Zot:5    | Noticed an ancient lich
101006 | Zot:5    | Noticed an orb of fire
101007 | Zot:5    | Noticed a dread lich
101013 | Zot:5    | Noticed an orb of fire
101013 | Zot:5    | Killed an orb of fire
101029 | Zot:5    | Killed an orb of fire
101035 | Zot:5    | Killed an ancient lich
101047 | Zot:5    | Killed an orb of fire
101050 | Zot:5    | Killed a dread lich
101057 | Zot:5    | Gained mutation: You sometimes lose the ability to read
                  | scrolls when taking damage. [an orb of fire]
101059 | Zot:5    | Killed an orb of fire
101203 | Zot:5    | Got the Orb of Zot
101485 | Depths:1 | Bought a scroll of summoning for 152 gold pieces
101487 | Depths:1 | Bought the ring of Darkness {rF+ rC++ Str+2 Int-2} for 891
                  | gold pieces
101606 | D:10     | Noticed Wuesi the pandemonium lord
101775 | D:$      | Escaped with the Orb!

Table legend: (Time is in decaauts)
 A = Elapsed time spent in this place.
 B = Non-inter-level travel time spent in this place.
 C = Inter-level travel time spent in this place.
 D = Time resting spent in this place.
 E = Time spent auto-exploring this place.
 F = Levels seen in this place.
 G = Mean time per level.
                   A        B        C        D        E       F      G
               +--------+--------+--------+--------+--------+-----+--------+
         Total | 112622 | 105893 |   6729 |  32357 |  49437 |  62 | 1816.5 |
       Dungeon |  28159 |  25370 |   2789 |  11568 |   9183 |  15 | 1877.3 |
        Temple |    146 |    130 |     16 |      0 |    111 |   1 |  146.0 |
          Lair |  14617 |  13711 |    906 |   6542 |   4902 |   6 | 2436.2 |
         Swamp |   4200 |   4098 |    102 |    433 |   2519 |   4 | 1050.0 |
   Spider Nest |   5693 |   5538 |    155 |    777 |   3273 |   4 | 1423.2 |
    Slime Pits |   5463 |   5240 |    223 |   1626 |   2237 |   5 | 1092.6 |
  Orcish Mines |   5681 |   5287 |    394 |   2309 |   1855 |   2 | 2840.5 |
   Elven Halls |   5069 |   4602 |    467 |    631 |   2414 |   3 | 1689.7 |
        Vaults |  10489 |   9854 |    635 |   1230 |   6817 |   4 | 2622.2 |
         Crypt |   5433 |   5280 |    153 |    516 |   3715 |   3 | 1811.0 |
        Depths |  12696 |  12040 |    656 |   1850 |   7836 |   5 | 2539.2 |
           Zot |   8300 |   8071 |    229 |   1173 |   4276 |   5 | 1660.0 |
         Abyss |    972 |    972 |      0 |      0 |    256 |   2 |  486.0 |
         Trove |     51 |     51 |      0 |      0 |      2 |   1 |   51.0 |
      Ice Cave |   4889 |   4889 |      0 |   3239 |     36 |   1 | 4889.0 |
      Gauntlet |    756 |    756 |      0 |    460 |      0 |   1 |  756.0 |
               +--------+--------+--------+--------+--------+-----+--------+

Top non-repeatable levels by time:
   IceCv: 4889 daAuts
    D:11: 4169 daAuts
  Lair:4: 3379 daAuts
Vaults:4: 3146 daAuts
  Lair:3: 2981 daAuts
   Orc:1: 2919 daAuts
Depths:2: 2907 daAuts
Vaults:2: 2804 daAuts
   Orc:2: 2761 daAuts
 Crypt:3: 2719 daAuts
  Lair:1: 2675 daAuts
Depths:4: 2652 daAuts
     D:6: 2592 daAuts
Vaults:1: 2530 daAuts
    D:10: 2476 daAuts

Table legend:
 A = Kills in this place as a percentage of kills in entire the game.
 B = Kills by you in this place as a percentage of kills by you in the entire game.
 C = Kills by friends in this place as a percentage of kills by friends in the entire game.
 D = Other kills in this place as a percentage of other kills in the entire game.
 E = Experience gained in this place as a percentage of experience gained in the entire game.
 F = Experience gained in this place divided by the number of levels of this place that you have seen.
                   A       B       C       D       E      F
               +-------+-------+-------+-------+-------+----------------------
         Total | 100.0 | 100.0 | 100.0 | 100.0 | 100.0 | 29852.1
       Dungeon |  13.1 |  13.2 |  22.2 |   0.0 |   4.4 | 5434.1
          Lair |   9.0 |   9.3 |   0.0 |   0.0 |   4.4 | 13542.3
         Swamp |   4.7 |   4.9 |   0.0 |   0.0 |   4.1 | 18749.0
   Spider Nest |   8.4 |   8.6 |   7.4 |   0.0 |   5.0 | 22980.5
    Slime Pits |   5.1 |   5.2 |   3.7 |   0.0 |   6.4 | 23720.0
  Orcish Mines |   6.7 |   6.8 |   7.4 |   0.0 |   1.1 | 10188.0
   Elven Halls |   6.4 |   5.3 |   7.4 |  78.9 |   7.5 | 46307.7
        Vaults |  12.0 |  12.3 |   3.7 |   0.0 |  12.7 | 58936.8
         Crypt |   6.0 |   6.2 |   3.7 |   0.0 |   6.3 | 38852.0
        Depths |  12.0 |  12.1 |  18.5 |   0.0 |  18.8 | 69679.0
           Zot |   9.1 |   8.9 |   7.4 |  18.4 |  25.1 | 92780.2
         Abyss |   5.1 |   5.3 |   0.0 |   0.0 |   3.6 | 33241.0
      Ice Cave |   2.0 |   1.8 |  14.8 |   2.6 |   0.5 | 10083.0
      Gauntlet |   0.3 |   0.3 |   3.7 |   0.0 |   0.1 | 2086.0
               +-------+-------+-------+-------+-------+----------------------

Action                   |  1- 3 |  4- 6 |  7- 9 | 10-12 | 13-15 | 16-18 | 19-21 | 22-24 | 25-27 || total
-------------------------+-------+-------+-------+-------+-------+-------+-------+-------+-------++-------
Melee: Unarmed           |    37 |    20 |       |       |       |   665 |   786 |  1063 |  2250 ||  4821
       Tentacles         |     9 |    12 |     9 |     6 |    65 |   150 |   155 |   219 |   455 ||  1080
       Constrict         |    11 |    10 |    11 |     9 |    35 |   123 |   123 |    99 |   242 ||   663
       Dagger            |       |    26 |    58 |    23 |       |       |       |       |       ||   107
       Punch             |       |     1 |       |     1 |    11 |    46 |   116 |   156 |   383 ||   714
       Short sword       |       |       |       |    26 |   263 |    18 |       |       |       ||   307
       Kick              |       |       |       |       |       |       |       |       |   453 ||   453
 Cast: Shock             |    63 |    82 |   186 |    44 |    17 |     6 |     1 |       |       ||   399
       Airstrike         |       |       |    21 |   340 |   572 |    94 |       |     7 |     1 ||  1035
       Swiftness         |       |       |       |     1 |     6 |       |       |       |       ||     7
       Iskenderun's Batt |       |       |       |     2 |     9 |     2 |     1 |     1 |     2 ||    17
       Bolt of Magma     |       |       |       |       |   115 |    84 |     5 |    11 |     1 ||   216
       Borgnjor's Vile C |       |       |       |       |    13 |     7 |    14 |     7 |     1 ||    42
       Sticky Flame      |       |       |       |       |     1 |     1 |       |       |       ||     2
       Statue Form       |       |       |       |       |    26 |   101 |    88 |    99 |   194 ||   508
       Lightning Bolt    |       |       |       |       |       |     2 |    19 |       |       ||    21
       Chain Lightning   |       |       |       |       |       |       |       |       |     9 ||     9
Invok: Call Merchant     |       |       |       |       |     5 |     1 |       |     2 |     6 ||    14
       Bribe Branch      |       |       |       |       |       |       |       |       |     1 ||     1
 Abil: End Transformatio |       |       |       |       |     1 |       |       |       |     3 ||     4
Evoke: Wand              |       |       |     5 |    36 |    19 |     1 |       |       |     6 ||    67
       Box of beasts     |       |       |       |     3 |     3 |     4 |     4 |     2 |     7 ||    23
       Condenser vane    |       |       |       |       |     5 |     3 |     3 |     5 |     6 ||    22
       Phial of floods   |       |       |       |       |     2 |       |       |       |       ||     2
  Use: Scroll            |     1 |       |    10 |    12 |    18 |     5 |     4 |     4 |     8 ||    62
       Potion            |       |       |     1 |       |     3 |     1 |       |       |    12 ||    17
 Stab: Sleeping          |       |     2 |     7 |     7 |       |     9 |    12 |     7 |    24 ||    68
       Paralysed         |       |       |     2 |     4 |     3 |       |       |       |       ||     9
       Distracted        |       |       |       |     1 |       |     9 |     7 |     6 |    34 ||    57
       Petrified         |       |       |       |       |       |       |       |       |     1 ||     1
Armor: Skin              |     7 |     2 |     3 |     8 |   333 |   852 |   539 |   483 |   945 ||  3172
Dodge: Dodged            |    36 |    22 |    66 |    75 |   527 |   949 |   481 |   635 |  1299 ||  4090
Block: Buckler           |       |       |       |       |   166 |   380 |   324 |   558 |   650 ||  2078
       Reflection        |       |       |       |       |       |       |    17 |    14 |    18 ||    49
       Kite shield       |       |       |       |       |       |       |       |       |   740 ||   740

Vanquished Creatures
  Dissolution (Slime:1)
  2 ancient liches
  A dread lich (Zot:5)
  5 orbs of fire
  Mara (Vaults:4)
  2 juggernauts (Depths:3)
  Boris (Crypt:3)
  5 Killer Klowns
  Margery (Vaults:3)
  the Lernaean hydra (Swamp:4)
  A caustic shrike (Depths:4)
  6 curse toes
  Nikola (Elf:2)
  Jory (Depths:4)
  10 golden dragons
  A profane servitor (Abyss:4)
  A bone dragon (Crypt:3)
  3 electric golems
  12 tentacled monstrosities
  A hellephant (Depths:1)
  16 Orb Guardians (Zot:5)
  11 liches
  2 titans (Depths:4)
  A deep elf blademaster (Elf:3)
  Asterion (Vaults:1)
  2 deep elf master archers (Elf:3)
  6 quicksilver dragons
  6 sphinxes
  13 acid blobs
  2 ancient champions (Crypt:2)
  A tengu reaver (Vaults:1)
  5 death cobs
  A thorn hunter (Swamp:4)
  13 storm dragons
  5 tentacled starspawn (Abyss:3)
  7 shadow dragons
  6 azure jellies
  7 draconian monks
  A revenant (Crypt:3)
  15 rockslimes
  10 fire giants
  3 fenstrider witches
  12 frost giants
  6 deep elf sorcerers
  9 ghost moths
  6 draconian knights
  3 iron dragons
  5 draconian scorchers
  Louise (Depths:3)
  5 deep elf elementalists
  2 orc warlords
  8 emperor scorpions
  11 vault wardens
  3 curse skulls
  2 balrugs
  13 ironbound preservers
  7 draconian annihilators
  4 draconian stormcallers
  10 draconian shifters
  9 ghouls
  2 spriggan defenders
  4 war gargoyles
  7 quicksilver oozes
  2 reapers (Abyss:3)
  7 vampire knights
  6 deep elf demonologists (Elf:3)
  28 very ugly things
  2 grey draconians (Depths:5)
  17 stone giants
  5 bunyips
  12 white draconians
  16 dire elephants
  The ghost of ABBCCCDDDD the Destroyer, a journeyman OpWn of Hepliaklqana (Orc:2)
  10 green draconians
  12 black draconians
  7 red draconians
  10 yellow draconians
  A lorocyproca (Depths:5)
  7 deep elf annihilators (Elf:3)
  15 purple draconians
  4 entropy weavers
  8 spark wasps
  4 ettins
  Snorg (D:12)
  8 deep elf death magi
  An eleionoma (Swamp:2)
  2 eidola (Crypt:2)
  2 quicksilver dragon zombies
  2 blizzard demons (Abyss:3)
  A merfolk impaler (Abyss:3)
  9 yaktaur captains
  14 fire dragons
  17 great orbs of eyes
  3 deep elf high priests
  6 jiangshi
  Harold (D:9)
  4 ironbound thunderhulks
  29 hydras
  9 boulder beetles
  An ogre mage (Vaults:4)
  8 vault guards
  11 ice dragons
  2 quicksilver dragon skeletons (Crypt:3)
  A hell beast (Lair:6)
  A salamander tyrant (Depths:5)
  4 rakshasas
  2 spriggan air magi (Depths:3)
  A monstrous demonspawn (Depths:3)
  3 ghost crabs
  10 two-headed ogres
  3 catoblepae
  14 centaur warriors
  9 ironbound frosthearts
  A death knight (Abyss:3)
  8 tengu warriors
  10 alligators
  10 deep troll earth magi
  5 vampire magi
  6 deep troll shamans
  8 thrashing horrors (Abyss:3)
  3 hell hogs
  24 death yaks
  3 orc high priests
  3 ironbound beastmasters
  A soul eater (Depths:4)
  8 spriggan berserkers
  11 hell knights
  18 deep elf knights
  6 sun demons
  2 wretched stars (Abyss:3)
  A titan skeleton (Crypt:2)
  2 sixfirhies (Abyss:3)
  10 iron trolls
  3 shadow wraiths
  5 goliath frogs
  A spark wasp zombie (Depths:1)
  25 skeletal warriors
  A spatial maelstrom (Abyss:3)
  A golden dragon zombie (Crypt:1)
  10 swamp dragons
  9 wizards
  4 flayed ghosts
  54 deep trolls
  14 deep elf archers
  6 glowing orange brains
  9 orc knights
  A shadow dragon zombie (Crypt:3)
  5 bog bodies
  A swamp dragon (shapeshifter) (Depths:3)
  8 phantasmal warriors
  A wolf spider zombie (Crypt:3)
  8 harpies
  10 ironbound convokers
  17 orb spiders
  28 deep elf pyromancers
  13 necromancers
  6 lindwurms
  28 deep elf zephyrmancers
  7 shining eyes
  40 wolf spiders
  A tengu skeleton (Vaults:2)
  2 frost giant zombies
  65 ugly things
  A stone giant zombie (Vaults:1)
  10 will-o-the-wisps
  5 fire giant zombies
  An iron dragon zombie (Crypt:3)
  4 orc sorcerers
  7 cyclopes
  11 large abominations (Abyss:3)
  4 salamanders (Depths:5)
  5 manticores
  A worldbinder (Abyss:3)
  An elephant (Lair:6)
  A shock serpent zombie (Crypt:3)
  22 moths of wrath
  7 human skeletons
  11 vault sentinels
  7 black mambas
  An eye of devastation (shapeshifter) (Depths:3)
  5 frost giant skeletons
  A rust devil (Abyss:3)
  9 fire giant skeletons
  5 smoke demons
  An ice statue (IceCv)
  4 centaur zombies
  2 orange demons
  2 eyes of devastation
  4 torpor snails
  3 stone giant skeletons
  A torpor snail (shapeshifter) (Depths:4)
  2 naga magi (D:15)
  4 gargoyles (Crypt:3)
  10 apocalypse crabs
  8 cane toads
  A cane toad (shapeshifter) (Depths:2)
  A centaur skeleton (D:15)
  A grey draconian zombie (Crypt:1)
  12 freezing wraiths
  34 yaktaurs
  4 rime drakes
  A catoblepas zombie (Crypt:2)
  2 hellwings
  4 kobold demonologists
  2 efreet
  An entropy weaver simulacrum (IceCv)
  5 anaconda simulacra (IceCv)
  A yaktaur skeleton (Vaults:2)
  15 ice devils
  18 demonic crawlers
  An alligator snapping turtle skeleton (Crypt:1)
  A tormentor (Depths:3)
  4 tengu conjurers
  7 ancient zymes (Abyss:3)
  7 komodo dragons
  6 trolls
  2 red devils
  A death drake zombie (Crypt:2)
  A meliai (D:13)
  5 tyrant leeches
  Grinder (D:3)
  4 polar bears
  33 jumping spiders
  112 slime creatures
  4 bloated husks
  22 blink frogs
  21 hornets
  19 raiju (Abyss:3)
  A frost giant simulacrum (Crypt:2)
  5 air elementals
  A fire giant simulacrum (Crypt:2)
  Sigmund (D:6)
  7 shadows
  A centaur simulacrum (D:14)
  8 fire dragon skeletons (Crypt:3)
  13 flying skulls
  13 spriggans
  12 wraiths
  51 redbacks
  53 yaks
  36 tarantellas
  7 wyverns
  7 vampires
  3 water elementals
  A dire elephant simulacrum (IceCv)
  An ettin skeleton (Vaults:2)
  Eustachio (D:6)
  An elf zombie (Vaults:4)
  2 fire bats (Abyss:3)
  A black mamba skeleton (Crypt:3)
  4 golden eyes (Abyss:3)
  A chaos spawn (Abyss:3)
  4 fire elementals
  3 steam dragons
  6 neqoxecs (Abyss:3)
  16 vampire mosquitoes
  An elf simulacrum (Vaults:4)
  2 basilisks
  2 death yak simulacra (IceCv)
  A tyrant leech zombie (Crypt:2)
  A harpy simulacrum (IceCv)
  A monstrous demonspawn zombie (Crypt:2)
  A torturous demonspawn zombie (Crypt:3)
  20 swamp worms
  A torturous demonspawn skeleton (Crypt:2)
  2 acid dragons
  10 water moccasins
  8 wargs
  7 hell hounds
  An ogre skeleton (Vaults:2)
  10 swamp drakes
  33 orc warriors
  A sky beast (D:6)
  A floating eye (shapeshifter) (Vaults:2)
  An ice beast (D:6)
  3 black bears
  An ettin simulacrum (Depths:1)
  17 ogres
  A snapping turtle zombie (Crypt:3)
  6 necrophages
  A hog zombie (Crypt:2)
  17 centaurs
  An elephant skeleton (Crypt:2)
  6 wolves
  A rime drake zombie (Crypt:2)
  3 phantoms
  7 kobold brigands
  Blork the orc (D:5)
  A gnoll sergeant (D:9)
  11 bullfrogs
  7 scorpions
  A two-headed ogre simulacrum (IceCv)
  6 cane toad simulacra (IceCv)
  2 water moccasin skeletons (D:4)
  2 killer bees
  2 elephant simulacra (IceCv)
  2 human simulacra
  6 wights
  6 electric eels
  A howler monkey (D:8)
  A polar bear skeleton (Crypt:1)
  2 lava snakes (D:15)
  12 small abominations (Abyss:3)
  6 starcursed masses (Abyss:3)
  5 hounds
  2 jellies (Lair:5)
  22 orc priests
  An iron imp (Abyss:3)
  Crazy Yiuf (D:2)
  2 bullfrog skeletons
  An iguana (shapeshifter) (Depths:3)
  A basilisk skeleton (Crypt:2)
  3 iguanas
  23 orc wizards
  A spriggan simulacrum (IceCv)
  6 lightning spires (Abyss:3)
  7 hell rats (Lair:1)
  A troll simulacrum (IceCv)
  3 polar bear simulacra (IceCv)
  2 wolf simulacra (IceCv)
  An ogre zombie (Crypt:3)
  2 hound zombies (Crypt:1)
  A howler monkey zombie (D:9)
  7 gnolls
  A howler monkey skeleton (D:5)
  8 adders
  A naga simulacrum (IceCv)
  A shadow imp (D:5)
  17 white imps
  5 ufetubi
  An iguana zombie (Crypt:1)
  An adder skeleton (D:4)
  4 worms
  95 orcs
  A ball python (shapeshifter) (Depths:2)
  5 ball pythons
  5 bats
  7 endoplasms
  4 giant cockroaches
  8 goblins
  4 hobgoblins
  8 jackals
  3 quokkas
  A ball python skeleton (Crypt:1)
  A ball python zombie (Crypt:2)
  2 frilled lizards (D:1)
  12 kobolds
  3 rats
  A lurking horror (Abyss:3)
  3 starspawn tentacles (Abyss:3)
2500 creatures vanquished.

Vanquished Creatures (collateral kills)
  the Royal Jelly (Slime:5)
  A golden dragon (Depths:5)
  An electric golem (Zot:5)
  A deep elf blademaster (Elf:3)
  An Orb Guardian (Zot:5)
  A draconian annihilator (Depths:5)
  A deep elf elementalist (Elf:3)
  A minotaur (Gauntlet)
  A vampire knight (Crypt:3)
  A purple draconian (Zot:5)
  A hydra (D:13)
  A centaur warrior (D:13)
  An ogre mage (D:13)
  A skeletal warrior (Vaults:2)
  2 deep trolls (Depths:3)
  A wizard (Depths:3)
  A moth of wrath (Spider:2)
  A yaktaur (D:13)
  An ice devil (IceCv)
  A redback (Spider:2)
  A death yak simulacrum (IceCv)
  An orc warrior (Orc:2)
  2 elephant simulacra (IceCv)
  2 killer bees (D:9)
  An orc (Orc:2)
28 creatures vanquished.

Vanquished Creatures (others)
  A dread lich (Zot:5)
  2 orbs of fire (Zot:5)
  2 Killer Klowns (Zot:5)
  8 Orb Guardians (Zot:5)
  A draconian scorcher (Zot:5)
  A draconian stormcaller (Zot:5)
  A draconian annihilator (Zot:5)
  2 green draconians (Zot:5)
  A yellow draconian (Zot:5)
  A red draconian (Zot:5)
  A purple draconian (Zot:5)
  29 dancing weapons
  2 deep elf knights
  A deep elf archer (Elf:2)
  2 deep elf zephyrmancers (Elf:2)
  A deep elf pyromancer (Elf:2)
  2 moths of wrath (Zot:5)
  4 bloated husks
  A redback (Spider:2)
  A death yak simulacrum (IceCv)
  An elephant simulacrum (IceCv)
  An orc (Orc:2)
  A goblin (D:13)
  3 demonic plants (Gauntlet)
  40 foxfires
  128 fungi
  129 plants
  10 starspawn tentacles (Abyss:3)
  2 withered plants (Crypt:3)
379 creatures vanquished.

Grand Total: 2907 creatures vanquished
